 Dungeon Crawl Stone Soup version 0.24.0-35-gdb84b6a5db (webtiles) character file.

Game seed: 10826552910078543030, levelgen mode: deterministic

18512 Emblim88 the Grappler (level 12, -2/119 HPs)
             Began as a Troll Transmuter on Nov 20, 2019.
             Was a High Priest of Fedhas.
             Shot with an arrow by Nessos (3 damage)
             ... on level 12 of the Dungeon.
             The game lasted 00:34:22 (9381 turns).

Emblim88 the Grappler (Troll Transmuter)            Turns: 9381, Time: 00:34:24

Health: -2/119     AC:  9    Str: 24    XL:     12   Next: 28%
Magic:  0/27       EV: 15    Int: 10    God:    Fedhas [*****.]
Gold:   738        SH:  0    Dex: 10    Spells: 8/20 levels left

rFire    . . .     SeeInvis .     - Unarmed
rCold    . . .     Gourm    +   (no shield)
rNeg     . . .     Faith    .   u - +0 troll leather armour
rPois    .         Spirit   +   (helmet restricted)
rElec    .         Reflect  .   o - +0 cloak
rCorr    .         Harm     .   (gloves unavailable)
MR       .....                  (boots unavailable)
Stlth    +.........             j - amulet of guardian spirit
HPRegen  1.09/turn              B - +3 ring of evasion
MPRegen  0.20/turn              l - ring of magical power

@: lethally poisoned (-2 -> -5), very slightly contaminated
A: large, unfitting armour, claws 3, fast metabolism 3, gourmand, regeneration
1, shaggy fur 1, tough skin 3
a: Wall of Briars, Grow Ballistomycete, Overgrow, Grow Oklob, Renounce Religion


You were on level 12 of the Dungeon.
You worshipped Fedhas.
Fedhas was extremely pleased with you.
You were not hungry.

You visited 1 branch of the dungeon, and saw 12 of its levels.

You collected 738 gold pieces.

Inventory:

Hand Weapons
 b - the +9 staff of Wucad Mu {channel}
   (You found it on level 11 of the Dungeon)
Missiles
 a - 361 arrows
Armour
 o - a +0 cloak (worn)
 u - a +0 troll leather armour (worn)
Jewellery
 j - an amulet of guardian spirit (around neck)
 l - a ring of magical power (right claw)
 q - a +2 ring of strength
 x - an uncursed amulet of harm {unknown}
 B - a +3 ring of evasion (left claw)
 F - an uncursed ring of magical power
 I - an uncursed ring of protection from fire
 J - a +2 amulet of reflection
Wands
 w - a wand of flame (31)
 y - a wand of digging (7)
 z - a wand of paralysis (19)
 C - a wand of acid (5)
 L - a wand of polymorph (11)
Scrolls
 c - 4 scrolls of teleportation
 f - 2 scrolls of immolation
 h - 3 scrolls of enchant armour
 i - a scroll of magic mapping
 k - 2 scrolls of noise
 m - 3 scrolls of amnesia
 n - a scroll of identify
 p - 2 scrolls of enchant weapon
 G - 2 scrolls of remove curse
 M - a scroll of fog {unknown}
 O - a scroll of fear {unknown}
Potions
 g - a potion of ambrosia
 r - 2 potions of might
 s - a potion of flight
 t - a potion of degeneration
 v - 2 potions of brilliance
 A - 3 potions of heal wounds {unknown}
 D - a potion of berserk rage {unknown}
 E - a potion of lignification {unknown}
 K - a potion of agility {unknown}
 N - a potion of invisibility
Comestibles
 d - 18 rations


   Skills:
 + Level 8.1 Fighting
 + Level 6.5 Dodging
 + Level 8.5 Unarmed Combat
 - Level 4.7 Spellcasting
 - Level 2.2 Necromancy
 + Level 7.5 Transmutations
 + Level 7.6 Invocations


You had 8 spell levels left.
You knew the following spells:

 Your Spells              Type           Power        Failure   Level  Hunger
a - Beastly Appendage     Tmut           ###...       1%          1    #......
b - Blade Hands           Tmut           ###.......   32%         5    ######.
c - Spider Form           Tmut/Pois      #.........   17%         3    ###....
d - Regeneration          Chrm/Necr      #.........   45%         3    ###....

Your spell library contained the following spells:

 Spells                   Type           Power        Failure   Level  Hunger
 Sticks to Snakes         Tmut           ###.....     1%          2    ##.....
 Animate Skeleton         Necr           N/A          11%         1    #......
 Pain                     Necr           #...         11%         1    #......
 Vampiric Draining        Necr           #.........   32%         3    ###....
 Ice Form                 Ice/Tmut       #.......     50%         4    #####..
 Animate Dead             Necr           N/A          71%         4    #####..


Dungeon Overview and Level Annotations

Branches:
Dungeon (12/15)            Temple (0/1) D:6            Lair (0/6) D:9
    Orc (0/2) D:9

Altars:
Ashenzari
Elyvilon
Fedhas
Gozag
Makhleb
Nemelex Xobeh
Sif Muna
Uskayaw
Yredelemnul
Zin
Beogh

Shops:
D:9 [(

Annotations:
D:11 2 transporters
D:12 Nessos


Innate Abilities, Weirdness & Mutations

You are too large for most types of armour.
You have claws for hands.
Your metabolism is lightning-fast.
You like to eat raw meat.
Your natural rate of healing is unusually fast.
You are covered in fur. (AC +1)
You have extremely tough skin. (AC +3)


Message History

The arrow burns you!
You are more poisoned.
* * * LOW HITPOINT WARNING * * *
Nessos shoots an arrow.
The arrow barely misses you.
There is an open door, spattered with blood here.
You see here 2 arrows.
You feel very sick.
You feel better.
Nessos shoots an arrow.
The arrow hits you!
* * * LOW HITPOINT WARNING * * *
The arrow burns you.
You are poisoned.
* * * LOW HITPOINT WARNING * * *
Okay, then.
A briar patch grows up from the ground. x3; You feel slightly more hungry.
You feel sick.
Nessos shoots an arrow.
The arrow hits you!
* * * LOW HITPOINT WARNING * * *
The arrow burns you.
You are lethally poisoned!
You die...
Fedhas appreciates your contribution to the ecosystem.

#... #... +... #>..
#.(. #... ######
####+# #c.... #P@P.#
##(#### ##P#######
###..<...
#.(......###.'......
#........##..#......
#.c......#..##.....)
#.......(#(###......
#........((# #......
+...c....### #......
#........# #......


You could see Nessos.

Vanquished Creatures
  2 two-headed ogres
  A tengu warrior (D:11)
  An unseen horror (D:12)
  2 ugly things
  A cyclops (D:12)
  2 centaur zombies
  Psyche (D:8)
  A komodo dragon (D:9)
  3 trolls (D:10)
  Grinder (D:3)
  3 hippogriffs
  Sigmund (D:2)
  Eustachio (D:5)
  4 yaks (D:10)
  3 wyverns
  A basilisk (D:12)
  Menkaure (D:4)
  A hungry ghost (D:11)
  Grum (D:10)
  Edmund (D:4)
  A water moccasin (D:7)
  5 orc warriors
  2 sky beasts
  6 ice beasts
  A necrophage (D:11)
  5 centaurs
  9 ogres
  2 wolves (D:10)
  A crocodile (D:11)
  Blork the orc (D:5)
  A water moccasin zombie (D:12)
  8 bullfrogs
  A wyvern skeleton (D:9)
  2 scorpions
  A water moccasin skeleton (D:6)
  7 wights
  10 killer bees (D:11)
  2 howler monkeys
  7 crimson imps
  2 quasits
  6 jellies
  6 hounds
  2 centaur skeletons
  6 orc priests
  7 orc wizards
  Terence (D:2)
  9 iguanas
  7 worker ants
  A hound zombie (D:9)
  2 hound skeletons
  2 worker ant zombies
  9 adders
  3 shadow imps
  5 oozes (D:9)
  2 adder skeletons
  4 worms
  3 dart slugs
  9 leopard geckos
  39 orcs
  7 giant cockroaches
  5 goblins
  6 hobgoblins
  21 jackals
  7 kobolds
  5 quokkas
  4 ball pythons
  6 bats
  8 frilled lizards
  A jackal skeleton (D:6)
  A jackal zombie (D:8)
  2 leopard gecko skeletons
  A quokka skeleton (D:7)
  3 rats
306 creatures vanquished.

Vanquished Creatures (collateral kills)
  A two-headed ogre (D:11)
  A tengu conjurer (D:11)
  A big kobold (D:11)
  4 kobolds (D:11)
  2 ballistomycete spores (D:6)
9 creatures vanquished.

Vanquished Creatures (others)
  A quokka (D:6)
  5 plants (D:9)
  16 toadstools (D:2)
22 creatures vanquished.

Grand Total: 337 creatures vanquished

Notes
Turn   | Place    | Note
-------+----------+-------------------------------------------
     0 | D:1      | Emblim88 the Troll Transmuter began the quest for the Orb.
     0 | D:1      | Reached XP level 1. HP: 18/18 MP: 1/1
   324 | D:1      | Reached skill level 1 in Fighting
   324 | D:1      | Reached XP level 2. HP: 23/27 MP: 3/3
   655 | D:2      | Reached XP level 3. HP: 18/33 MP: 4/4
   687 | D:2      | Noticed Sigmund
   705 | D:2      | Killed Sigmund
   705 | D:2      | Reached XP level 4. HP: 16/42 MP: 5/5
   705 | D:2      | Reached XP level 5. HP: 19/49 MP: 6/6
  1080 | D:2      | Found a blossoming altar of Fedhas.
  1098 | D:2      | Noticed an oklob plant
  1366 | D:2      | Noticed Terence
  1373 | D:2      | Killed Terence
  1516 | D:3      | Noticed Grinder
  1528 | D:3      | Paralysed by Grinder for 3 turns
  1635 | D:2      | Became a worshipper of Fedhas Madash
  1730 | D:3      | Paralysed by Grinder for 7 turns
  1848 | D:3      | Paralysed by Grinder for 7 turns
  1873 | D:3      | Killed Grinder
  1873 | D:3      | Reached XP level 6. HP: 17/57 MP: 1/8
  2116 | D:3      | Reached XP level 7. HP: 66/66 MP: 9/9
  2124 | D:3      | Found an opulent altar of Gozag.
  2227 | D:3      | Found a faded altar of an unknown god.
  2336 | D:4      | Reached * piety under Fedhas
  2447 | D:4      | Noticed Menkaure
  2458 | D:4      | Killed Menkaure
  2535 | D:4      | Learned a level 5 spell: Blade Hands
  2703 | D:4      | Noticed Edmund
  2713 | D:4      | Killed Edmund
  2713 | D:4      | Reached XP level 8. HP: 58/75 MP: 6/10
  2858 | D:5      | Entered Level 5 of the Dungeon
  2872 | D:5      | Reached skill level 5 in Unarmed Combat
  3112 | D:5      | Reached ** piety under Fedhas
  3204 | D:5      | Noticed Blork the orc
  3210 | D:5      | Killed Blork the orc
  3215 | D:5      | You fall into a shaft and drop 3 floors!
  3267 | D:8      | Reached skill level 5 in Transmutations
  3505 | D:7      | Noticed a hippogriff
  3514 | D:7      | Killed a hippogriff
  3514 | D:7      | Reached XP level 9. HP: 43/84 MP: 7/12
  3703 | D:6      | Found a white marble altar of Elyvilon.
  3717 | D:6      | Noticed a brown ugly thing
  3803 | D:7      | Found a basalt altar of Yredelemnul.
  3888 | D:6      | Reached *** piety under Fedhas
  3986 | D:5      | Noticed a rust devil
  3986 | D:5      | Noticed a rust devil
  4218 | D:5      | Found a shimmering blue altar of Sif Muna.
  4284 | D:5      | Noticed Eustachio
  4302 | D:5      | Killed Eustachio
  4610 | D:5      | Reached XP level 10. HP: 100/100 MP: 14/14
  4840 | D:6      | Learned a level 3 spell: Spider Form
  4889 | D:6      | Reached skill level 5 in Dodging
  5109 | D:6      | Killed a brown ugly thing
  5309 | D:6      | Found a staircase to the Ecumenical Temple.
  5426 | D:7      | Found a blossoming altar of Fedhas.
  5431 | D:7      | Reached XP level 11. HP: 103/107 MP: 13/15
  5433 | D:7      | Found a shimmering blue altar of Sif Muna.
  5435 | D:7      | Found an opulent altar of Gozag.
  5435 | D:7      | Found a glowing silver altar of Zin.
  5436 | D:7      | Found a shattered altar of Ashenzari.
  5438 | D:7      | Found a burning altar of Makhleb.
  5440 | D:7      | Found a white marble altar of Elyvilon.
  5604 | D:8      | Noticed Psyche
  5607 | D:8      | Paralysed by Psyche for 4 turns
  5623 | D:8      | Killed Psyche
  6108 | D:9      | Found Kavaes's Armour Shoppe.
  6108 | D:9      | Found a staircase to the Orcish Mines.
  6169 | D:9      | Found Kozos's Weapon Shoppe.
  6258 | D:9      | Noticed a two-headed ogre
  6265 | D:9      | Killed a two-headed ogre
  6278 | D:9      | Reached **** piety under Fedhas
  6950 | D:9      | Found a staircase to the Lair.
  7145 | D:10     | Entered Level 10 of the Dungeon
  7169 | D:10     | Learned a level 3 spell: Regeneration
  7329 | D:10     | Found a sparkling altar of Nemelex Xobeh.
  7428 | D:10     | Noticed a two-headed ogre
  7436 | D:10     | Killed a two-headed ogre
  7436 | D:10     | Reached skill level 1 in Necromancy
  7790 | D:10     | Reached ***** piety under Fedhas
  7845 | D:10     | Noticed Grum
  7852 | D:10     | Killed Grum
  8179 | D:11     | Found a transporter.
  8179 | D:11     | Noticed an ogre mage
  8224 | D:11     | Noticed an orc knight
  8225 | D:11     | Found a roughly hewn altar of Beogh.
  8225 | D:11     | Found a transporter.
  8225 | D:11     | Noticed an orc sorcerer
  8232 | D:11     | Found the +9 staff of Wucad Mu {channel}
  8234 | D:11     | Noticed a tengu warrior
  8278 | D:11     | Killed a tengu warrior
  8313 | D:11     | Noticed a two-headed ogre
  8321 | D:11     | Killed a two-headed ogre
  8436 | D:11     | Noticed a brown ugly thing
  8457 | D:11     | Killed a green ugly thing
  8457 | D:11     | Reached XP level 12. HP: 34/118 MP: 7/18
  8544 | D:11     | Found a hide-covered altar of Uskayaw.
  9360 | D:12     | Noticed Nessos
  9381 | D:12     | HP: 1/119 [Nessos/arrow (13)]
  9381 | D:12     | Shot with an arrow by Nessos

Levels and vault maps discovered:
D:1:      dpeg_arrival_fog, layout_basic
D:2:      layout_loops_ring, chequers_serial_rivers_small_3, tgw_fedhas,
          uniq_terence, uniq_sigmund
D:3:      wander_river, layout_rooms, chequers_ecumenical_altar_simple_redux,
          nicolae_gozag_seed_capital, uniq_grinder
D:4:      layout_loops_ring, uniq_menkaure, uniq_edmund
D:5:      cheibrodos_iron_armory, layout_gridville, first_ration, led_sif_book,
          uniq_blork_the_orc, uniq_eustachio
D:6:      hangedman_cross_stitches, layout_cave_pools,
          minmay_temple_entry_fiery, elyvilon_altar_4
D:7:      layout_rooms, minitemple, lemuel_altar_in_water2
D:8:      layout_loops_ring, uniq_psyche
D:9:      layout_irregular_city, david_lair_shrubbed, orc_david_3,
          hangedman_little_slice_of_home
D:10:     layout_long_grid, nemelex_xobeh_ov_fountains_minmay, uniq_grum
D:11:     gammafunk_beogh_shrine, layout_basic, basic_altar
D:12:     layout_roguey, uniq_nessos

Skill      XL: |  1  2  3  4  5  6  7  8  9 10 11 12 |
---------------+-------------------------------------+-----
Fighting       | 1 2 3 6 7 8 |  8.1
Dodging        | 2 3 4 5 6 |  6.5
Transmutations | 2 3 4 5 6 7 |  7.5
Unarmed Combat | 4 5 6 8 |  8.5
Spellcasting   | 2 3 4 |  4.7
Invocations    | 7 |  7.6
Necromancy     | 2 |  2.2

Action                   |  1- 3 |  4- 6 |  7- 9 | 10-12 || total
-------------------------+-------+-------+-------+-------++-------
Melee: Unarmed           |    61 |   146 |   390 |   570 ||  1167
       Kick              |       |     2 |       |     7 ||     9
       Punch             |       |       |     8 |    21 ||    29
       Headbutt          |       |       |     3 |    11 ||    14
 Cast: Beastly Appendage |       |     1 |     1 |     7 ||     9
Invok: Wall of Briars    |       |       |     1 |     4 ||     5
       Grow Ballistomyce |       |       |       |     1 ||     1
       Grow Oklob        |       |       |       |     1 ||     1
Evoke: Wand              |       |       |     3 |    19 ||    22
  Use: Scroll            |       |       |    15 |     3 ||    18
       Potion            |       |       |     4 |     5 ||     9
 Stab: Sleeping          |     1 |     1 |       |       ||     2
       Invisible         |       |       |       |     1 ||     1
  Eat: Chunk             |     9 |     8 |    24 |    25 ||    66
       Ration            |       |       |       |     6 ||     6
Armor: Robe              |    25 |    44 |   139 |    95 ||   303
       Troll leather arm |       |       |       |    71 ||    71
Dodge: Dodged            |    40 |    74 |   258 |   393 ||   765
